 Dungeon Crawl Stone Soup version 0.19.5 (webtiles) character file.

46 JeffiDaFish the Insei (level 3, 0/28 HPs)
             Began as a Draconian Transmuter on May 3, 2017.
             Slain by Sigmund
             ... wielding a +0 scythe
              (5 damage)
             ... on level 2 of the Dungeon.
             The game lasted 00:05:42 (1592 turns).

JeffiDaFish the Insei (Draconian Transmuter)        Turns: 1592, Time: 00:05:43

Health: 0/28       AC:  7    Str: 17    XL:     3   Next: 44%
Magic:  0/6        EV: 11    Int: 13    God:
Gold:   89         SH:  0    Dex: 12    Spells: 3 memorised, 0 levels left

rFire  . . .     SeeInvis .     e - +0 spear
rCold  . . .     Gourm    .     (armour unavailable)
rNeg   . . .     Faith    .     k - +0 buckler
rPois  .         Spirit   .     (helmet restricted)
rElec  .         Reflect  .     (no cloak)
rCorr  .         Harm     .     (no gloves)
MR     .....                    (boots currently unavailable)
Stlth  +.........               (no amulet)
                                (no ring)
                                f - +2 ring of protection

@: confused, mighty, appendage
A: unfitting armour, talons 3, cold-blooded, AC +5
a: End Transformation


You were on level 2 of the Dungeon.
You were hungry.
You had grown temporary talons.
You visited 1 branch of the dungeon, and saw 2 of its levels.

You collected 89 gold pieces.

Inventory:

Hand Weapons
 e - a +0 spear (weapon)
Missiles
 a - 32 arrows (quivered)
Armour
 k - a +0 buckler (worn)
Jewellery
 f - a +2 ring of protection (left hand)
Scrolls
 h - 3 scrolls of remove curse
 i - a scroll of identify
Potions
 d - a potion of might
Books
 b - a book of Changes

   Spells                             Type                      Level
   a - Beastly Appendage              Transmutation                1
   b - Sticks to Snakes               Transmutation                2
   c - Spider Form                    Transmutation/Poison         3
   d - Ice Form                       Ice/Transmutation            4
   e - Blade Hands                    Transmutation                5
Comestibles
 c - a bread ration
 j - 2 meat rations


   Skills:
 - Level 1.3 Fighting
   Level 0.2 Short Blades
 + Level 2.2 Dodging
 * Level 0.0 Shields
 - Level 3.3 Unarmed Combat
 * Level 2.3 Spellcasting
 * Level 2.6 Transmutations
 + Level 0.2 Poison Magic


You couldn't memorise any spells.
You knew the following spells:

 Your Spells              Type           Power        Failure   Level  Hunger
a - Beastly Appendage     Tmut           #.....       17%         1    #......
b - Sticks to Snakes      Tmut           #.......     24%         2    ###....
c - Spider Form           Tmut/Pois      #.........   82%         3    ###....


Dungeon Overview and Level Annotations

Branches:
Dungeon (2/15)

Altars:

Annotations:
D:2 Sigmund


Innate Abilities, Weirdness & Mutations

Your plain brown scales are hard. (AC +5)
You cannot fit into any form of body armour.
You are cold-blooded and may be slowed by cold attacks.
You have claws for feet.


Message History

The puff of flame hits your adder.
Your adder bites Sigmund.
Sigmund is poisoned.
Your adder poisons Sigmund!
Your adder barely misses Sigmund.
Sigmund gestures at your adder while chanting.
The magic dart hits your adder.
Your adder dies!
Sigmund shouts!
Attack whom?
Press: ? - help, Dir - move target cursor, f/p - Sigmund
Aim: Sigmund, wielding a scythe and wearing a robe (almost dead, poisoned, unusually agile)
You reach to attack!
You closely miss Sigmund.
Sigmund is almost dead.
Sigmund points at you and mumbles some strange words.
You are confused.
You're too confused to move!
Sigmund mumbles some strange words.
Sigmund flickers and vanishes!
Deactivating autopickup; reactivate with Ctrl-A.
Something hits you.
You die...

#.#.#..##.#...........#
#####...#..##.#...........#
#.....# #..##.#....(......###
#.#...# #..##.#.............#
###.#.#.###.>...............#####
#...............#.#####.#........
###.###.###..##{#.# #.#.#.#####
#.# #.# #<....#.### #.#.#.### #.#
### #..##.@...# #.......# #.#
#..##.#.### ###.#.#.### #.#
###.....#.# #.#...... #.#
.....#.#.## #........ #.#
..........# #.##..### #.#
##.#.#.#.## #.###.# #.#
####.#.#.#.#######.###.### #.#
#.................)....... #.#
#.##.#.#.#.#######.####.##


There were no monsters in sight!

Vanquished Creatures
  A worm (D:2)
  7 bats
  2 giant cockroaches
  3 goblins (D:1)
  5 hobgoblins
  6 jackals (D:1)
  5 kobolds
  A ball python (D:1)
  2 frilled lizards
  7 rats
39 creatures vanquished.

Vanquished Creatures (collateral kills)
  A goblin (D:2)
  A jackal (D:1)
2 creatures vanquished.

Grand Total: 41 creatures vanquished

Notes
Turn   | Place    | Note
-------+----------+-------------------------------------------
     0 | D:1      | JeffiDaFish the Draconian Transmuter began the quest for the Orb.
     0 | D:1      | Reached XP level 1. HP: 16/16 MP: 3/3
   357 | D:1      | Reached XP level 2. HP: 21/23 MP: 3/5
   771 | D:1      | Learned a level 2 spell: Sticks to Snakes
   826 | D:1      | Reached XP level 3. HP: 25/28 MP: 0/6
  1078 | D:2      | Learned a level 3 spell: Spider Form
  1557 | D:2      | Noticed Sigmund
  1592 | D:2      | Slain by Sigmund

Skill      XL: |  1  2 |
---------------+-------+-----
Dodging        | 2 |  2.2
Fighting       | |  1.3
Short Blades   | |  0.2
Unarmed Combat | |  3.3
Spellcasting   | |  2.3
Transmutations | |  2.6
Poison Magic   | |  0.2

Action                   || total
-------------------------++-------
Melee: Short sword       ||    54
       Kick              ||     6
       Unarmed           ||     3
       Tailslap          ||     8
       Punch             ||     4
       Spear             ||   110
       Headbutt          ||     4
 Cast: Beastly Appendage ||    14
       Sticks to Snakes  ||    10
  Use: Scroll            ||     8
       Potion            ||     4
 Stab: Sleeping          ||     2
  Eat: Chunk             ||     3
Armor: Skin              ||    52
Dodge: Dodged            ||    94
Block: Buckler           ||     2
